 Dungeon Crawl Stone Soup version 0.30-a0-696-g2367cd04db (webtiles) character file.

Game seed: 2184250144771689486

11697 kae the Transmogrifier (level 11, -15/88 HPs)
             Began as a Demonspawn Transmuter on Jan 20, 2023.
             Was a Believer of Ru.
             Demolished by a minotaur
             ... wielding a +4 great sword of holy wrath
              (16 damage)
             ... in a Gauntlet.
             The game lasted 00:16:03 (10595 turns).

kae the Transmogrifier (Demonspawn Transmuter)     Turns: 10595, Time: 00:16:04

Health: -15/88     AC: 17    Str: 12    XL:     11   Next: 52%
Magic:  19/22      EV: 10    Int: 17    God:    Ru [**....]
Gold:   1234       SH:  0    Dex: 14    Spells: 14/24 levels left

rFire   . . .      SeeInvis .      - Unarmed
rCold   + + +      Faith    +    (shield currently unavailable)
rNeg    + . .      Spirit   .    (body armour currently unavailable)
rPois   +          Reflect  .    (helmet currently unavailable)
rElec   .          Harm     .    (cloak currently unavailable)
rCorr   .          Rampage  .    (gloves currently unavailable)
Will    +....      NoTele   +    (boots currently unavailable) Stlth
                                 G - amulet "Doid Gicre" {Faith rF+ rN+ Will+}
HPRegen 0.34/turn                O - +4 ring of protection
MPRegen 0.18/turn                o - +4 ring of protection

@: mighty, ice-form, hasted, unable to drink, very quick
A: freezing attack, amphibious, boosted hp, large, inability to drink after
injury 2, no stealth, (sturdy frame 3), demonic magic 1, (demonic touch 2)
a: End Transformation, Renounce Religion


You were in a Gauntlet.
You worshipped Ru.
Ru was pleased with you.
You were a creature of crystalline ice.
You visited 2 branches of the dungeon, and saw 12 of its levels.
You also visited: Gauntlet.

You collected 1234 gold pieces.


Innate Abilities, Weirdness & Mutations

You are a creature of crystalline ice.
You have a powerful freezing melee attack.
You are amphibious.
Your maximum health is increased.
Your armour is entirely melded.
You are incapable of wielding weapons or throwing items.
You sometimes lose the ability to drink potions when taking damage.
You cannot be stealthy.
((Your movements are significantly less encumbered by armour. (ER -6)))
Spells you cast may paralyse adjacent enemies.
((Your touch may inflict irresistible damage on your foes.))


   Skills:
 + Level 2.9 Fighting
 + Level 3.2 Dodging
 + Level 7.5 Unarmed Combat
 + Level 7.3 Spellcasting
 * Level 10.2 Transmutations
 - Level 8.5 Ice Magic
 - Level 1.5 Poison Magic


You had 14 spell levels left.
You knew the following spells:

 Your Spells              Type           Power      Damage    Failure   Level
a - Beastly Appendage     Tmut           82%        N/A       1%          1
b - Wereblood             Tmut           41%        N/A       1%          2
c - Spider Form           Tmut/Pois      26%        N/A       3%          3
d - Ice Form              Ice/Tmut       38%        N/A       2%          4

Your spell library contained the following spells:

 Spells                   Type           Power      Damage    Failure   Level
 Sting                    Tmut/Pois      100%       1d8       1%          1
 Apportation              Tloc           12%        N/A       11%         1
 Magic Dart               Conj           24%        1d4       11%         1
 Necrotise                Necr           24%        1d5       11%         1
 Summon Small Mammal      Summ           24%        N/A       11%         1
 Poisonous Vapours        Pois/Air       16%        N/A       12%         2
 Searing Ray              Conj           12%        2d4       17%         2
 Summon Ice Beast         Ice/Summ       20%        N/A       19%         4
 Alistair's Intoxication  Tmut/Pois      17%        N/A       28%         5
 Olgreb's Toxic Radiance  Pois           11%        N/A       52%         4
 Fulminant Prism          Conj/Hex       3%         3d5       73%         4
 Eringya's Noxious Bog    Tmut/Pois      13%        N/A       83%         6
 Borgnjor's Vile Clutch   Necr/Erth      3%         N/A       97%         5
 Summon Mana Viper        Hex/Summ       6%         N/A       97%         5
 Monstrous Menagerie      Summ           3%         N/A       100%        7

Inventory:

Missiles
 d - 42 poisoned darts
 e - 4 boomerangs
 i - 118 stones
 y - 3 javelins
 D - a throwing net {=f!f}
Armour
 a - a +1 robe (melded)
 F - a +2 robe of cold resistance
   (You took it off Nergalle on level 11 of the Dungeon)
Magical Staves
 m - a staff of cold {!a}
   (You found it on level 3 of the Dungeon)
 w - a staff of air {!a}
   (You found it on level 5 of the Dungeon)
Jewellery
 k - an amulet of magic regeneration
   (You found it on level 7 of the Dungeon)
 o - a +4 ring of protection (right front paw)
   (You found it on level 8 of the Dungeon)
 G - the amulet "Doid Gicre" (around neck) {Faith rF+ rN+ Will+}
   (You found it in a Gauntlet)

   [amulet of faith]

   It allows you to gain divine favour quickly.
   rF:        It protects you from fire.
   rN:        It protects you from negative energy.
   Will:      It increases your willpower.
 N - a ring of positive energy
   (You took it off a meliai on level 10 of the Dungeon)
 O - a +4 ring of protection (left front paw)
   (You found it on level 3 of the Dungeon)
 Y - a +4 ring of slaying
   (You found it in a Gauntlet)
Wands
 u - a wand of paralysis (10)
   (You found it on level 6 of the Dungeon)
 x - a wand of flame (11)
   (You took it off an orc on level 8 of the Dungeon)
Scrolls
 c - 3 scrolls of fear
 h - 4 scrolls of teleportation {@r4}
 r - a scroll of vulnerability {!r!r}
 s - a scroll of poison {!r}
 v - 2 scrolls of enchant armour
 B - 2 scrolls of enchant weapon
Potions
 b - 4 potions of lignification {!q}
 f - 2 potions of might
 g - 3 potions of heal wounds {@q2}
 j - a potion of haste {@q3}
 l - 8 potions of curing {@q1}
 p - 3 potions of brilliance {unknown}
 q - 2 potions of flight {unknown}
 t - 3 potions of magic {unknown}
 z - 2 potions of mutation {unknown}
 A - 2 potions of ambrosia
 E - a potion of degeneration {unknown}
Miscellaneous
 C - a tin of tremorstones (2/2)
   (You found it on level 10 of the Dungeon)

Dungeon Overview and Level Annotations

Branches:
Dungeon (11/15) Zot: 26649  Temple (1/1) D:4 Zot: 5982    Lair (0/5) D:8
    Orc (0/2) D:10        Gauntlet (1/1) Zot: 5431

Altars:
Ashenzari
Cheibriados
Dithmenos
Fedhas
Gozag
Hepliaklqana
Kikubaaqudgha
Makhleb
Nemelex Xobeh
Okawaru
Qazlal
Ru
Sif Muna
Trog
Uskayaw
Vehumet
Wu Jian
Xom
Yredelemnul

Annotations:
D:5 3 runed translucent doors, rigao's ghost, weakling GrDe Gauntlet 8 transporters, 3 runed translucent doors, exclusion: obsidian statue

########...##..... #
...##..#...#....# .#
##...#.#...#.8©.# ..
..#..#[#...#....##.#
#.
..#©#$©#.8.#.8©...
'.
.#..#.?#...#....##
.# .#...###...#.8©.#
..
t.##...#...#....##.#
########...##...YH.#
...........≈##..##.#
...8.....8.####.# ..
............##### ##
#########...≈#
........#...##
..###...#...≈#
...#...)#...##
#..#..#.#...≈#


You could see a minotaur (corona).


Message History

You punch the redback simulacrum!
There is a transporter landing site here. 😨 HP[+1]
You start resting.
You can drink potions again.
Unknown command.
Your transformation is almost over.
You warm up again.
Your +1 robe unmelds from your body.
You feel a little less mighty now.
Key pressed, stopping explore.
Key pressed, stopping explore.
Key pressed, stopping explore.
Unknown command. 😕 HP[+24]
You now have 74 max hp (-14).
You regained 24 hp, and now have 58/74 hp.
Key pressed, stopping explore.
h - 4 scrolls of teleportation {@r4} (gained 1)
There is a transporter here.
G - the amulet "Doid Gicre" {Faith rF+ rN+ Will+} 😎 HP[+16]
Your hp is fully restored (74).
You see here the +2 quarterstaff of the Forging Genius {elec, Fly rN+ Int+4 SInv}.
Partly explored, unvisited transporter.
Partly explored, unvisited transporter.
There is a transporter here.
There is a transporter here.
You enter the transporter and appear at another place.
As you read the scroll of identify {@r1}, it crumbles to dust.
A - 2 potions of ambrosia Really put on
G - the amulet "Doid Gicre" {Faith rF+ rN+ Will+}?
You start removing your amulet.
You continue taking off your amulet of magic regeneration. x4
You finish taking off your amulet of magic regeneration.
You start putting on your amulet.
You continue putting on the amulet "Doid Gicre" {Faith rF+ rN+ Will+}. x5
You finish putting on the amulet "Doid Gicre" {Faith rF+ rN+ Will+}.
You feel a surge of divine interest.
G - the amulet "Doid Gicre" (around neck) {Faith rF+ rN+ Will+} Unknown command.
Okay, then.
Okay, then.
Okay, then.
Okay, then.
Okay, then.
Okay, then.
A minotaur comes into view.
It is wielding a +4 great sword of holy wrath.
The minotaur bellows!
Unknown command.
Unknown command.
You feel yourself speed up.
You feel very mighty all of a sudden.
Okay, then.
Casting: Ice Form (dangerous; 2% risk of failure)
Confirm with . or Enter, or press ? or * to list all spells.
You turn into a creature of crystalline ice.
Your +1 robe melds into your body.
Malevolent energies surge around you. 😎 HP[+14] MP[-4]
You now have 88 max hp (+14).
Your hp is fully restored (88).
You lost 4 mp, and now have 18/22 mp.
You barely miss the minotaur.
The minotaur furiously retaliates!
The minotaur headbutts you. 😕 HP[-5]
You take 5 damage, and now have 83/88 hp.
You pummel the minotaur!! You freeze the minotaur!
The minotaur hits you with a +4 great sword of holy wrath!
You convulse.
You feel threatened and lose the ability to drink potions!
The minotaur completely misses you. 😕 HP[-15]
You take 15 damage, and now have 68/88 hp.
You hit the minotaur but do no damage. You hit the minotaur.
You freeze the minotaur.
You can drink potions again.
The minotaur hits you with a +4 great sword of holy wrath!!
You feel threatened and lose the ability to drink potions!
You convulse!
* * * LOW HITPOINT WARNING * * *
You focus your inner power and illuminate the minotaur in retribution!
The minotaur gores you.
* * * LOW HITPOINT WARNING * * *
😨 HP[-40]
You take 40 damage, and now have 28/88 hp.
MASSIVE DAMAGE!! (PAUSE)
You punch the minotaur! You freeze the minotaur.
Unknown command.
You pummel the minotaur!! You freeze the minotaur.
The minotaur hits you with a +4 great sword of holy wrath.
* * * LOW HITPOINT WARNING * * *
You convulse.
* * * LOW HITPOINT WARNING * * *
The minotaur gores you but does no damage. 😱 HP[-10] MP[+1]
You take 10 damage, and now have 18/88 hp.
You hit the minotaur but do no damage.
The minotaur hits you with a +4 great sword of holy wrath!
* * * LOW HITPOINT WARNING * * *
You convulse!
You die...

Skill      XL: |  1  2  3  4  5  6  7  8  9 10 11 |
---------------+----------------------------------+-----
Transmutations | 2 3 4 5 6 8 9 10 | 10.2
Unarmed Combat | 3 4 5 6 7 |  7.5
Poison Magic   | 1 |  1.5
Spellcasting   | 3 4 5 6 7 |  7.3
Ice Magic      | 2 3 5 6 8 |  8.5
Dodging        | 3 |  3.2
Fighting       | 2 |  2.9

Action                   |  1- 3 |  4- 6 |  7- 9 | 10-12 || total
-------------------------+-------+-------+-------+-------++-------
Melee: Unarmed           |    73 |   111 |   275 |   227 ||   686
       Kick              |    14 |    14 |     1 |       ||    29
       Headbutt          |     5 |     6 |       |       ||    11
       Punch             |     3 |       |     1 |       ||     4
       Touch             |       |       |     4 |       ||     4
 Cast: Beastly Appendage |    25 |    12 |     1 |       ||    38
       Spider Form       |       |     7 |    13 |       ||    20
       Wereblood         |       |     1 |     4 |     8 ||    13
       Ice Form          |       |     1 |    19 |    18 ||    38
Invok: Sacrifice Stealth |       |     1 |       |       ||     1
       Reject Sacrifices |       |       |     1 |       ||     1
       Sacrifice Drink   |       |       |       |     1 ||     1
Evoke: Wand              |       |       |       |     3 ||     3
  Use: Scroll            |     7 |     6 |     5 |     1 ||    19
       Potion            |       |       |     1 |     6 ||     7
 Stab: Sleeping          |     1 |       |       |       ||     1
       Paralysed         |     4 |       |    13 |     1 ||    18
       Invisible         |       |       |       |     2 ||     2
Armor: Robe              |    20 |     6 |     3 |       ||    29
       Skin              |       |    12 |    92 |   131 ||   235
Dodge: Dodged            |    53 |    73 |   151 |   126 ||   403

Levels and vault maps discovered:
D:1:      minmay_arrival_stone_box, layout_basic, nrook_mini_backslash
D:2:      layout_rooms, basic_altar
D:3:      layout_loops_ring, nicolae_overflow_hallway_of_the_gods,
          overflow_temple_1_default
D:4:      layout_loops_ring, minmay_temple_entry_slanted
D:5:      layout_rooms, makhleb_heckhound_becter, gammafunk_ghost_split
D:6:      layout_loops_ring, lemuel_round_altar, mainiacjoe_overflow_alcove_2
D:7:      layout_loops_ring, mainiacjoe_overflow_six_doors_small,
          lemuel_mausoleum_altar_yredelemnul
D:8:      layout_basic, due_lair_maze_entry_diamond, nicolae_elevator_lobby_plus
D:9:      layout_long_grid, nicolae_eternal_life
D:10:     layout_cave_pools, nemelex_diamond_rough_becter,
          fedhas_bush_and_centaur_altar, tso_metal_star, orc_0_dummy
D:11:     nicolae_hexawheel, layout_loops_ring, gauntlet_entry_generic,
          nicolae_trove_entry_diagonal, grunt_ministairs_2, uniq_lodul,
          uniq_nergalle, uniq_erolcha
Temple:   hellmonk_temple_two_chambers
Gauntlet: minmay_gauntlet_mixed_oops_all_seconds
          [minmay_gauntlet_arena_77_run_for_it, gammafunk_gauntlet_arena_open,
          minmay_gauntlet_arena_77_cramped,
          gammafunk_gauntlet_arena_arrow_garden,
          minmay_gauntlet_arena_77_squiggly, nicolae_gauntlet_arena_t_cross,
          gauntlet_exit_hidden_loot]

Notes
Turn   | Place    | Note
-------+----------+-------------------------------------------
     0 | D:1      | kae the Demonspawn Transmuter began the quest for the Orb.
     0 | D:1      | Reached XP level 1. HP: 15/15 MP: 3/3
     0 | D:1      | magus.rc [v1.11.3]
   260 | D:1      | Reached skill level 2 in Transmutations
   359 | D:1      | Gained mutation: Spells you cast may paralyse adjacent
                  | enemies. [demonic ancestry]
   359 | D:1      | Reached XP level 2. HP: 17/21 MP: 3/5
   813 | D:1      | Identified a scroll of acquirement
   813 | D:1      | Acquired 481 gold pieces
   921 | D:2      | Reached skill level 3 in Unarmed Combat
   955 | D:2      | Found an iron altar of Okawaru.
  1270 | D:2      | Reached XP level 3. HP: 26/26 MP: 4/6
  1273 | D:2      | Learned a level 2 spell: Wereblood
  1277 | D:2      | Learned a level 3 spell: Spider Form
  1427 | D:3      | Found an opulent altar of Gozag.
  1439 | D:3      | Found an ancient bone altar of Kikubaaqudgha.
  1442 | D:3      | Found a snail-covered altar of Cheibriados.
  1442 | D:3      | Found a radiant altar of Vehumet.
  1449 | D:3      | Found a sacrificial altar of Ru.
  1453 | D:3      | Became a worshipper of Ru the Awakened
  1635 | D:3      | Reached skill level 1 in Poison Magic
  1635 | D:3      | Reached XP level 4. HP: 17/32 MP: 5/7
  1834 | D:3      | Reached skill level 3 in Transmutations
  2211 | D:4      | Reached XP level 5. HP: 37/37 MP: 6/9
  2247 | D:4      | Found a staircase to the Ecumenical Temple.
  2258 | Temple   | Entered the Ecumenical Temple
  2616 | D:4      | Reached skill level 3 in Spellcasting
  2709 | D:4      | Reached skill level 4 in Transmutations
  2709 | D:4      | Gained mutation: Your movements are slightly less
                  | encumbered by armour. (ER -2) [demonic ancestry]
  2709 | D:4      | Reached XP level 6. HP: 17/43 MP: 2/10
  3040 | D:4      | Learned a level 4 spell: Ice Form
  3058 | D:5      | Entered Level 5 of the Dungeon
  3068 | D:5      | Gained mutation: You cannot be stealthy. [Ru sacrifice]
  3114 | D:5      | Reached skill level 1 in Ice Magic
  3160 | D:5      | Found a runed translucent gate.
  3161 | D:5      | Found a runed translucent gate.
  3162 | D:5      | Found a runed translucent gate.
  3163 | D:5      | Noticed rigao's ghost (weakling GrDe)
  3357 | D:5      | Reached skill level 4 in Unarmed Combat
  3377 | D:5      | Reached skill level 2 in Ice Magic
  3377 | D:5      | Gained mutation: Your touch may inflict minor irresistible
                  | damage on your foes. [demonic ancestry]
  3377 | D:5      | Reached XP level 7. HP: 48/48 MP: 10/12
  3596 | D:5      | Reached skill level 5 in Transmutations
  3825 | D:5      | Found a burning altar of Makhleb.
  3964 | D:6      | Found a stormy altar of Qazlal.
  4107 | D:6      | Reached skill level 4 in Spellcasting
  4123 | D:6      | Reached skill level 3 in Ice Magic
  4193 | D:6      | You pick up a book of Cantrips and begin reading...
  4193 | D:6      | You add the spells Necrotise, Summon Small Mammal and
                  | Apportation to your library.
  4306 | D:6      | Identified the +9 rapier of Hubris {drain, rN+}
  4383 | D:6      | Gained mutation: Your movements are less encumbered by
                  | armour. (ER -4) [demonic ancestry]
  4383 | D:6      | Reached XP level 8. HP: 50/54 MP: 12/14
  4541 | D:6      | Found a broken altar of Ashenzari.
  4612 | D:6      | Identified the +1 robe "Xayt" {rC++ rN+ MP+9}
  4909 | D:7      | Reached skill level 4 in Ice Magic
  5037 | D:7      | Reached skill level 6 in Transmutations
  5182 | D:7      | Reached skill level 5 in Unarmed Combat
  5309 | D:7      | Reached skill level 5 in Ice Magic
  5324 | D:7      | Found a basalt altar of Yredelemnul.
  5519 | D:7      | Found a shimmering altar of Xom.
  5547 | D:7      | Reached skill level 5 in Spellcasting
  5547 | D:7      | Reached XP level 9. HP: 59/59 MP: 12/16
  5572 | D:7      | You add the spells Sting, Poisonous Vapours and Olgreb's
                  | Toxic Radiance to your library.
  6006 | D:8      | HP: 17/105 [hornet (12)]
  6008 | D:8      | Reached skill level 7 in Transmutations
  6404 | D:8      | Reached skill level 6 in Ice Magic
  6717 | D:8      | Reached skill level 6 in Unarmed Combat
  6818 | D:8      | You pick up a book of Beasts and begin reading...
  6818 | D:8      | You add the spells Summon Ice Beast, Summon Mana Viper and
                  | Monstrous Menagerie to your library.
  6949 | D:8      | Reached skill level 8 in Transmutations
  7017 | D:8      | Found a staircase to the Lair.
  7309 | D:8      | Gained mutation: Your touch may inflict irresistible damage
                  | on your foes. [demonic ancestry]
  7309 | D:8      | Reached XP level 10. HP: 65/65 MP: 16/18
  7635 | D:9      | Reached skill level 7 in Ice Magic
  7679 | D:9      | Reached skill level 6 in Spellcasting
  7816 | D:9      | HP: 14/78 [yak (11)]
  8052 | D:9      | You add the spells Alistair's Intoxication, Borgnjor's Vile
                  | Clutch and Eringya's Noxious Bog to your library.
  8061 | D:9      | You pick up a book of Conjurations and begin reading...
  8061 | D:9      | You add the spells Magic Dart, Searing Ray and Fulminant
                  | Prism to your library.
  8105 | D:9      | Reached skill level 9 in Transmutations
  8113 | D:9      | Reached skill level 8 in Ice Magic
  8505 | D:10     | Entered Level 10 of the Dungeon
  8573 | D:10     | Found a blossoming altar of Fedhas.
  8573 | D:10     | Found a staircase to the Orcish Mines.
  8638 | D:10     | Found a sparkling altar of Nemelex Xobeh.
  8885 | D:9      | HP: 19/78 [meliai/+0 mace (5)]
  9067 | D:10     | HP: 19/78 [meliai/+0 broad axe (13)]
  9069 | D:10     | Reached skill level 7 in Unarmed Combat
  9343 | D:10     | Gained mutation: Your movements are significantly less
                  | encumbered by armour. (ER -6) [demonic ancestry]
  9343 | D:10     | Reached XP level 11. HP: 70/70 MP: 19/21
  9715 | D:11     | Reached skill level 2 in Dodging
  9715 | D:11     | Noticed a two-headed ogre
  9811 | D:11     | Noticed Nergalle
  9846 | D:11     | Killed Nergalle
  9857 | D:11     | Gained mutation: You occasionally lose the ability to drink
                  | potions when taking damage. [Ru sacrifice]
  9857 | D:11     | Gained mutation: You sometimes lose the ability to drink
                  | potions when taking damage. [Ru sacrifice]
  9857 | D:11     | Reached * piety under Ru
  9857 | D:11     | Reached ** piety under Ru
  9981 | D:11     | Found a gate leading to a gauntlet.
  9986 | D:11     | Reached skill level 7 in Spellcasting
  9986 | D:11     | Noticed Lodul
 10007 | D:11     | Killed Lodul
 10008 | D:11     | Reached skill level 2 in Fighting
 10019 | Gauntlet | Entered a Gauntlet
 10019 | Gauntlet | Found a transporter.
 10054 | Gauntlet | Found a runed translucent gate.
 10055 | Gauntlet | Found a transporter.
 10055 | Gauntlet | Found a runed translucent gate.
 10088 | Gauntlet | Noticed a hell beast
 10092 | Gauntlet | Found a runed translucent gate.
 10094 | Gauntlet | Found a transporter.
 10098 | Gauntlet | Found a transporter.
 10100 | Gauntlet | Noticed a death yak
 10101 | Gauntlet | Found a transporter.
 10101 | Gauntlet | Found a transporter.
 10101 | Gauntlet | Noticed a death yak
 10101 | Gauntlet | Noticed an obsidian statue
 10101 | Gauntlet | Noticed a death yak
 10102 | Gauntlet | Noticed a death yak
 10103 | Gauntlet | Noticed a necromancer
 10107 | Gauntlet | Found a transporter.
 10126 | Gauntlet | Found a transporter.
 10144 | Gauntlet | Found a transporter.
 10148 | Gauntlet | Found a transporter.
 10150 | Gauntlet | Found a runed translucent door.
 10151 | Gauntlet | Noticed a green ugly thing
 10151 | Gauntlet | Noticed a red ugly thing
 10152 | Gauntlet | Found a runed translucent door.
 10153 | Gauntlet | Noticed a great orb of eyes
 10156 | Gauntlet | Found a transporter.
 10204 | Gauntlet | Found a transporter.
 10371 | Gauntlet | Killed a white ugly thing
 10372 | Gauntlet | Reached skill level 10 in Transmutations
 10375 | Gauntlet | Killed a green ugly thing
 10380 | Gauntlet | Killed a great orb of eyes
 10381 | Gauntlet | Reached skill level 3 in Dodging
 10561 | Gauntlet | Identified the amulet "Doid Gicre" {Faith rF+ rN+ Will+}
 10563 | Gauntlet | Identified the +2 quarterstaff of the Forging Genius {elec,
                  | Fly rN+ Int+4 SInv}
 10582 | Gauntlet | Noticed a minotaur
 10594 | Gauntlet | HP: 18/88 [minotaur/+4 great sword of holy wrath (6)]
 10595 | Gauntlet | HP: 1/88 [minotaur/+4 great sword of holy wrath (17)]
 10595 | Gauntlet | Demolished by a minotaur

Vanquished Creatures
  A great orb of eyes (Gauntlet)
  Nergalle (D:11)
  Lodul (D:11)
  2 ugly things (Gauntlet)
  A gargoyle (D:10)
  A kobold demonologist (D:10)
  3 meliai
  A hornet (D:8)
  A shadow (D:8)
  2 wraiths
  A wyvern (D:8)
  A centaur simulacrum (Gauntlet)
  A steam dragon (D:8)
  14 yaks
  A redback simulacrum (Gauntlet)
  2 acid dragons
  3 water moccasins
  A hydra simulacrum (Gauntlet)
  An orc warrior (D:8)
  3 ice beasts
  3 black bears
  7 ogres
  9 centaurs
  2 phantoms
  3 kobold brigands
  5 bullfrogs
  2 scorpions
  4 necrophages
  A wyvern zombie (D:7)
  2 wights (D:7)
  4 howler monkeys
  A bullfrog zombie (D:7)
  A human zombie (D:7)
  3 hounds
  A jelly (D:5)
  5 orc priests
  5 iguanas
  7 orc wizards
  2 killer bee zombies (D:7)
  2 mummies (D:7)
  3 adders
  8 gnolls
  2 white imps
  A worm (D:5)
  3 dart slugs
  20 orcs
  2 endoplasms
  3 giant cockroaches
  4 goblins
  5 hobgoblins
  5 jackals
  14 kobolds
  3 quokkas
  7 ball pythons
  4 bats
  2 frilled lizards
  4 rats
201 creatures vanquished.

Vanquished Creatures (others)
  42 fungi (D:8)
  43 plants (D:8)
  14 withered plants (Gauntlet)
99 creatures vanquished.

Grand Total: 300 creatures vanquished

Table legend:
 A = Non-vault XP
 B = Vault XP
 C = Vault XP percentage of total XP
 D = Non-vault monster count
 E = Vault monster count
 F = Vault count percentage of total count
                 A         B        C        D         E       F
            +---------+---------+-------+---------+---------+-------
      Total |    9907 |    6804 |  40.7 |     163 |      38 |  18.9
            +---------+---------+-------+---------+---------+-------
        D:1 |      24 |       0 |   0.0 |      12 |       0 |   0.0
        D:2 |      17 |       0 |   0.0 |       9 |       0 |   0.0
        D:3 |     123 |       0 |   0.0 |      20 |       0 |   0.0
        D:4 |     218 |       0 |   0.0 |      15 |       0 |   0.0
        D:5 |     628 |      45 |   6.7 |      16 |       1 |   5.9
        D:6 |     570 |       0 |   0.0 |      12 |       0 |   0.0
        D:7 |     716 |     670 |  48.3 |      12 |      12 |  50.0
        D:8 |    1913 |    1238 |  39.3 |      24 |      10 |  29.4
        D:9 |    3298 |       0 |   0.0 |      21 |       0 |   0.0
       D:10 |    2044 |     108 |   5.0 |      20 |       1 |   4.8
       D:11 |     356 |    2240 |  86.3 |       2 |       8 |  80.0
   Gauntlet |       0 |    2503 | 100.0 |       0 |       6 | 100.0
            +---------+---------+-------+---------+---------+-------

Illustrated notes

Table legend:
 A = Kills in this place as a percentage of kills in entire the game.
 B = Kills by you in this place as a percentage of kills by you in the entire game.
 C = Kills by friends in this place as a percentage of kills by friends in the entire game.
 D = Other kills in this place as a percentage of other kills in the entire game.
 E = Experience gained in this place as a percentage of experience gained in the entire game.
 F = Experience gained in this place divided by the number of levels of this place that you have seen.
                   A       B       C       D       E      F
               +-------+-------+-------+-------+-------+----------------------
         Total | 100.0 | 100.0 |   N/A |   N/A | 100.0 | 1285.5
       Dungeon |  97.0 |  97.0 |   N/A |   N/A |  85.0 | 1291.6
      Gauntlet |   3.0 |   3.0 |   N/A |   N/A |  15.0 | 2503.0
               +-------+-------+-------+-------+-------+----------------------

Table legend: (Time is in decaauts)
 A = Elapsed time spent in this place.
 B = Non-inter-level travel time spent in this place.
 C = Inter-level travel time spent in this place.
 D = Time resting spent in this place.
 E = Time spent auto-exploring this place.
 F = Levels seen in this place.
 G = Mean time per level.
                   A        B        C        D        E       F      G
               +--------+--------+--------+--------+--------+-----+--------+
         Total |  10540 |  10354 |    186 |    421 |   8162 |  13 |  810.8 |
       Dungeon |   9954 |   9768 |    186 |    421 |   7755 |  11 |  904.9 |
        Temple |     17 |     17 |      0 |      0 |     11 |   1 |   17.0 |
      Gauntlet |    568 |    568 |      0 |      0 |    396 |   1 |  568.0 |
               +--------+--------+--------+--------+--------+-----+--------+

Top non-repeatable levels by time:
     D:8: 1709 daAuts
     D:9: 1245 daAuts
     D:7: 1242 daAuts
     D:5: 852 daAuts
     D:4: 841 daAuts
     D:1: 830 daAuts
     D:3: 829 daAuts
     D:6: 795 daAuts
    D:10: 740 daAuts
Gauntlet: 568 daAuts
     D:2: 530 daAuts
    D:11: 335 daAuts
  Temple: 17 daAuts
